 Dungeon Crawl Stone Soup version 0.29.1-1-gd02db6906a (webtiles) character file.

Game seed: 7040434361498109492

93 brightshaft the Magician (level 4, 0/35 HPs)
             Began as a Djinni Necromancer on Sept 18, 2022.
             Slain by a goblin
             ... wielding a +2 dagger of venom
             ... led by Robin
              (4 damage)
             ... on level 3 of the Dungeon on Sept 23, 2022.
             The game lasted 00:03:53 (2038 turns).

brightshaft the Magician (Djinni Necromancer)       Turns: 2038, Time: 00:03:54

Health: 0/35       AC:  6    Str:  7    XL:     4   Next: 91%
Gold:   96         EV: 12    Int: 18    God:
                   SH:  0    Dex: 14

rFire   + + .      SeeInvis .   l - +0 short sword (freeze)
rCold   x . .      Faith    .   (no shield)
rNeg    . . .      Spirit   .   a - +0 robe
rPois   ∞          Reflect  .   (no helmet)
rElec   .          Harm     .   (no cloak)
rCorr   .          Rampage  .   (no gloves)
Will    .....                   (boots unavailable)
Stlth   ++........              (no amulet)
HPRegen 0.11/turn               b - +4 ring of protection
MPRegen 0.00/turn               (no ring)

@: flying
A: sickness immunity, fire resistance 2, cold vulnerability 1, float, innate
caster, HP casting, extra vitality 1
a: no special abilities


You were on level 3 of the Dungeon.
You visited 1 branch of the dungeon, and saw 3 of its levels.

You collected 96 gold pieces.

Inventory:

Hand Weapons
 l - a +0 short sword of freezing (weapon)
Missiles
 e - 4 poisoned darts
Armour
 a - a +0 robe (worn)
Jewellery
 b - a +4 ring of protection (left hand)
 o - a ring of protection from cold
Scrolls
 c - a scroll of noise {unknown}
 d - a scroll of blinking {unknown}
 f - 6 scrolls of identify {unknown}
 i - 3 scrolls of poison {unknown}
 j - a scroll of vulnerability {unknown}
 k - a scroll of immolation {unknown}
 m - a scroll of silence {unknown}
Potions
 g - a potion of magic {unknown}
 h - 5 potions of curing {unknown}
 n - a potion of lignification {unknown}


   Skills:
 * Level 3.2 Fighting
 - Level 2.1 Dodging
 - Level 1.5 Stealth
 + Level 3.7 Spellcasting


You couldn't memorise any spells.
You knew the following spells:

 Your Spells              Type           Power      Damage    Failure   Level
a - Necrotise             Necr           64%        1d7       3%          1
b - Vampiric Draining     Necr           16%        2d7       10%         3
c - Animate Dead          Necr           16%        N/A       32%         4
d - Agony                 Necr           16%        N/A       65%         5
e - Foxfire               Conj/Fire      64%        2x1d7     3%          1
Your spell library was empty.

Dungeon Overview and Level Annotations

Branches:
Dungeon (3/15)

Altars:

Annotations:
D:3 Robin


Innate Abilities, Weirdness & Mutations

You are immune to sickness and miasma.
You are immune to poison.
Your flesh is very heat resistant. (rF++)
You are vulnerable to cold. (rC-)
You float through the air rather than walking.
You learn spells naturally, not from books.
Your magical power is your life essence.
You have superior vitality. (+4 MHP)


Message History

Your goblin skeleton barely misses the goblin.
Robin throws the goblin at you! The goblin barely misses you.
The goblin hits you with a +0 dagger.
You hit the goblin but do no damage.
Your goblin skeleton hits the goblin.
The hobgoblin barely misses you. The goblin hits you with a +0 dagger.
The goblin hits you with a +2 dagger of venom.
The goblin hits you but does no damage.
You swap places.
Your goblin skeleton barely misses the hobgoblin.
The hobgoblin hits your goblin skeleton.
The goblin hits you but does no damage. The goblin misses you.
The goblin barely misses you. x2
The goblin attacks as you move away! The goblin barely misses you.
The goblin attacks as you move away! The goblin barely misses you.
Your goblin skeleton misses the hobgoblin.
The goblin hits your goblin skeleton with a +0 club.
Your goblin skeleton is destroyed!
The goblin hits you with a +0 dagger.
* * * LOW HITPOINT WARNING * * *
The goblin no longer looks unusually strong.
You barely miss the goblin. The hobgoblin barely misses you.
The goblin hits you with a +0 dagger.
* * * LOW HITPOINT WARNING * * *
Robin says, "Kneel, worm!"
You closely miss the goblin. The hobgoblin barely misses you.
The goblin hits you with a +2 dagger of venom.
* * * LOW HITPOINT WARNING * * *
The goblin hits you but does no damage. x2
You barely miss the goblin.
The goblin no longer looks unusually strong.
The goblin hits you with a +0 dagger.
* * * LOW HITPOINT WARNING * * *
The hobgoblin barely misses you. The goblin barely misses you.
The goblin hits you but does no damage.
You barely miss the goblin.
The hobgoblin no longer looks unusually strong.
The goblin misses you. The hobgoblin hits you.
* * * LOW HITPOINT WARNING * * *
The goblin hits you with a +2 dagger of venom.
You die...

##...##...##
##..........##
#......>)....#
#............#
#.....)......#
#.g..<.....#
##gg.)#...##
#ggg## ###
#@g## #g## #.#
..# ...# .#..#
#..# ...#


You could see Robin, 2 hobgoblins and 5 goblins.

Vanquished Creatures
  Jessica (D:2)
  2 adders (D:2)
  2 ball pythons (D:2)
  4 endoplasms
  3 giant cockroaches
  6 goblins
  8 hobgoblins
  2 kobolds
  4 quokkas
  3 bats
  2 frilled lizards (D:2)
  A rat (D:2)
38 creatures vanquished.

Vanquished Creatures (collateral kills)
  An endoplasm (D:1)
  2 rats (D:1)
3 creatures vanquished.

Grand Total: 41 creatures vanquished

Notes
Turn   | Place    | Note
-------+----------+-------------------------------------------
     0 | D:1      | brightshaft the Djinni Necromancer began the quest for the
                  | Orb.
     0 | D:1      | brightshaft set off with the following spells memorised:
                  | Necrotise, Vampiric Draining, Animate Dead, Agony.
     0 | D:1      | Reached XP level 1. HP: 15/15 MP: 0/0
    67 | D:1      | Reached skill level 1 in Fighting
   209 | D:1      | Reached XP level 2. HP: 20/22 MP: 0/0
   867 | D:2      | Reached XP level 3. HP: 26/28 MP: 0/0
   867 | D:2      | Learned a level 1 spell: Foxfire
  1269 | D:2      | Found a faded altar of an unknown god.
  1269 | D:2      | Noticed a blizzard demon
  1377 | D:2      | Noticed Jessica
  1383 | D:2      | Killed Jessica
  1384 | D:2      | Reached XP level 4. HP: 20/34 MP: 0/0
  2018 | D:3      | Noticed Robin
  2038 | D:3      | Slain by a goblin

Illustrated notes

Levels and vault maps discovered:
D:1:      scummos_arrival_simple_crosswalls, layout_basic
D:2:      minmay_inner_zag, layout_loops_ring,
          dreamdust_ecumenical_altar_sealed_demon, uniq_jessica
D:3:      layout_rooms, mainiacjoe_overflow_alcove_4,
          biasface_ghost_orc_armoury, uniq_natasha, uniq_robin

Skill      XL: |  1  2  3  4 |
---------------+-------------+-----
Fighting       | 1 2 3 |  3.2
Dodging        | |  2.1
Stealth        | |  1.5
Spellcasting   | |  3.7

Action                   |  1- 3 |  4- 6 || total
-------------------------+-------+-------++-------
Melee: Short sword       |       |    17 ||    17
 Cast: Necrotise         |    52 |    23 ||    75
 Stab: Sleeping          |       |     1 ||     1
Armor: Robe              |     7 |    14 ||    21
Dodge: Dodged            |     7 |    38 ||    45
